[Event "Team 45 45 League T45"]
[Site "Internet Chess Club"]
[Date "2010.05.09"]
[Round "1"]
[White "jjmolina"]
[Black "giltar"]
[Result "1/2-1/2"]
[WhiteElo "1713"]
[BlackElo "1882"]
[Opening "Caro-Kann: classical, Spassky variation"]
[ECO "B18"]
[Time "14:36:53"]
[TimeControl "2700+45"]

1. e4 c6 2. d4 d5 3. Nc3 dxe4 4. Nxe4 Bf5 5. Ng3 Bg6 6. Nf3 Nd7 7. h4 h6 8. h5
Bh7 9. Bd3 Bxd3 10. Qxd3 e6 11. Bf4 Qa5+ 12. Bd2 Bb4 13. c3 Be7 14. b4 Qc7 15.
Ne2 Ngf6 16. Bf4 Bd6 17. Bxd6 Qxd6 18. Nd2 O-O 19. Nc4 Qc7 20. Qg3 Qxg3 21. Nxg3
Nd5 22. Ne2 N7f6 23. Ne5 a5 24. bxa5 Rxa5 25. Rb1 Rxa2 26. Rh3 Ne4 27. c4 Rxe2+
28. Kxe2 Ndc3+ 29. Kd3 Nxb1 30. Kxe4 f6 31. Nd7 Rf7 32. Nb6 c5 33. Rd3 Rc7 34.
d5 exd5+ 35. Kxd5 Rc6 36. Na4 Rc8 37. Nxc5 b6 38. Nd7 f5 39. Ne5 Kf8 40. f4 Ke7
41. Rg3 Kf8 42. Nd7+ Kf7 43. Nxb6 Rd8+ 44. Kc6 Nd2 45. Ra3 Ke6 46. c5 Rd4 47.
Ra7 Rxf4 48. Rxg7 Ne4 49. Rg6+ Kf7 50. Rxh6 Rg4 51. Nc8 Kg7 52. Rg6+ Rxg6+ 53.
hxg6 Kxg6 54. Ne7+ Kg5 55. Nxf5 Kxf5 56. Kd5 Nxc5 57. Kxc5 Kg4 58. Kd4 Kg3 59.
Ke3 Kxg2 {Game drawn because neither player has mating material} 1/2-1/2

[Event "Team 45 45 League T45"]
[Site "Internet Chess Club"]
[Date "2010.05.09"]
[Round "1"]
[White "mongmong"]
[Black "nityanand"]
[Result "1/2-1/2"]
[WhiteElo "1543"]
[BlackElo "1719"]
[Opening "Colle system"]
[ECO "D05"]
[Time "12:18:12"]
[TimeControl "2700+45"]

1. d4 d5 2. Nf3 Nf6 3. e3 e6 4. Bd3 c5 5. c3 Nc6 6. Nbd2 Be7 7. O-O O-O 8. dxc5
Bxc5 9. e4 dxe4 10. Nxe4 Nxe4 11. Bxe4 Qxd1 12. Rxd1 Ne7 13. b3 Rb8 14. Bb2 a5
15. Nd4 e5 16. Nb5 Bg4 17. Rd2 Rfd8 18. Rxd8+ Rxd8 19. Ba3 Bxa3 20. Nxa3 b6 21.
f3 Bc8 22. Nc4 f5 23. Bc2 Bb7 24. Rd1 Rxd1+ 25. Bxd1 Nd5 26. Nxe5 Nxc3 27. Bc2
g6 28. Nc4 Nxa2 29. Nxb6 Nb4 30. Bd1 Kf7 31. f4 Nd3 32. g3 Ba6 33. Nd5 Nb4 34.
Nxb4 axb4 35. Kf2 Ke6 36. Ke3 Kd5 37. Bf3+ Kc5 38. Bd1 Bb7 39. Bc2 Bd5 40. Bd1
Be4 41. Be2 Bd5 42. Bd1 Bc6 43. Be2 Bg2 44. Bd3 Bd5 45. Bc2 Bc6 46. Bd1 Be4 47.
Be2 {Game drawn by mutual agreement} 1/2-1/2

[Event "Team 45 45 League T45"]
[Site "Internet Chess Club"]
[Date "2010.05.10"]
[Round "1"]
[White "Sirian"]
[Black "dscvdchk"]
[Result "1-0"]
[WhiteElo "1604"]
[BlackElo "1518"]
[Opening "Trompowsky attack (Ruth, Opocenský opening)"]
[ECO "A45"]
[Time "10:00:39"]
[TimeControl "2700+45"]

1. d4 Nf6 2. Bg5 d5 3. e3 c6 4. Bd3 Bg4 5. f3 Bh5 6. g4 Bg6 7. h4 h6 8. Bf4 Bxd3
9. Qxd3 e6 10. Nc3 Nbd7 11. O-O-O Qa5 12. Nge2 O-O-O 13. g5 Nh5 14. Bh2 hxg5 15.
hxg5 g6 16. Kb1 Ng7 17. Bc7 Rxh1 18. Bxa5 {Black resigns} 1-0

[Event "Team 45 45 League T45"]
[Site "Internet Chess Club"]
[Date "2010.05.10"]
[Round "1"]
[White "viking99"]
[Black "MeanMrMustard"]
[Result "1-0"]
[WhiteElo "1844"]
[BlackElo "1861"]
[Opening "Sicilian defense"]
[ECO "B44"]
[Time "20:01:44"]
[TimeControl "2700+45"]

1. e4 c5 2. Nf3 e6 3. d4 cxd4 4. Nxd4 Nc6 5. Be3 Nf6 6. Nc3 Bb4 7. Bd3 Bxc3+ 8.
bxc3 d5 9. Nxc6 bxc6 10. e5 Nd7 11. Qg4 Kf8 12. f4 h5 13. Qf3 g6 14. Qf2 Kg7 15.
O-O Qa5 16. f5 gxf5 17. Bxf5 Qc7 18. Bxe6 Nxe5 19. Qf6+ Kg8 20. Bd4 {Black
resigns} 1-0

[Event "Team 45 45 League T45"]
[Site "Internet Chess Club"]
[Date "2010.05.10"]
[Round "1"]
[White "cityprosecutor"]
[Black "Rookmaster"]
[Result "1-0"]
[WhiteElo "1772"]
[BlackElo "1743"]
[Opening "Scandinavian: Icelandic gambit"]
[ECO "B01"]
[Time "22:07:40"]
[TimeControl "2700+45"]

1. e4 d5 2. exd5 Nf6 3. c4 e6 4. dxe6 Bxe6 5. d4 Bb4+ 6. Nc3 O-O 7. Nf3 Re8 8.
Be3 Ng4 9. Be2 Nd7 10. a3 Bxc3+ 11. bxc3 Nxe3 12. fxe3 Nb6 13. d5 Bg4 14. Qd4
Bxf3 15. Bxf3 Qe7 16. O-O Qxe3+ 17. Qxe3 Rxe3 18. c5 Nc4 19. Rfe1 Rae8 20. Kf2
Rxe1 21. Rxe1 Rxe1 22. Kxe1 Nxa3 23. d6 cxd6 24. cxd6 Kf8 25. Bxb7 Nc4 26. d7
Ke7 27. Bc6 Ne5 28. Be4 Nxd7 29. Kd2 Nc5 30. Bc2 h6 31. Ke3 a5 32. Kd4 Kd6 33.
Kc4 Kc6 34. Bd1 Ne6 35. Bf3+ Kb6 36. Kd5 a4 37. Kd6 a3 38. Bd5 Ng5 39. Ke5 f6+
40. Kf5 Kc5 41. Ba2 Kd6 42. h4 Nh7 43. Kg6 Nf8+ 44. Kxg7 Ke7 45. Kxh6 Ne6 46. h5
Nf4 47. g4 Ne2 48. Kg7 Nxc3 49. h6 Nxa2 50. h7 Nc3 51. h8=Q a2 52. Qf8+ Kd7 53.
Qa3 {Black resigns} 1-0

[Event "Team 45 45 League T45"]
[Site "Internet Chess Club"]
[Date "2010.05.09"]
[Round "1"]
[White "DaveTheRook"]
[Black "UnderRated"]
[Result "1-0"]
[WhiteElo "1714"]
[BlackElo "1684"]
[Opening "QGD: Semi-Tarrasch defense"]
[ECO "D40"]
[Time "15:01:24"]
[TimeControl "2700+45"]

1. d4 Nf6 2. c4 e6 3. Nc3 c5 4. Nf3 d5 5. e3 Be7 6. Bd3 O-O 7. O-O b6 8. Re1 Bb7
9. cxd5 exd5 10. Qc2 c4 11. Bf5 g6 12. Bh3 Bc8 13. Bxc8 Qxc8 14. e4 dxe4 15.
Nxe4 Rd8 16. Bg5 Nbd7 17. Rad1 Kg7 18. a3 Re8 19. d5 h6 20. Bf4 Nxe4 21. Rxe4 b5
22. d6 Bf6 23. Rxe8 Qxe8 24. Re1 Qf8 25. Qd2 Re8 26. Bxh6+ {Black resigns} 1-0

[Event "Team 45 45 League T45"]
[Site "Internet Chess Club"]
[Date "2010.05.07"]
[Round "1"]
[White "jps7"]
[Black "Ernie1"]
[Result "1-0"]
[WhiteElo "1838"]
[BlackElo "1643"]
[Opening "Queen's pawn"]
[ECO "A40"]
[Time "22:00:38"]
[TimeControl "2700+45"]

1. d4 c6 2. Nf3 d5 3. e3 Nf6 4. h3 a6 5. Bd3 e6 6. b3 b5 7. O-O Bd6 8. Bb2 Qc7
9. Nbd2 O-O 10. Qe2 Nbd7 11. c4 bxc4 12. bxc4 c5 13. cxd5 Nxd5 14. a3 Rb8 15.
Rab1 Qa5 16. Nc4 Qc7 17. Rfc1 Be7 18. Nce5 Nxe5 19. Nxe5 f6 20. Nf3 Qa7 21. Qc2
f5 22. dxc5 Bd7 23. Bd4 Bc6 24. Qe2 Rxb1 25. Bxb1 Bb5 26. Bd3 Bxd3 27. Qxd3 Rc8
28. c6 Qa8 29. Ne5 Bf6 30. Qc4 Nc7 31. Nd7 Bxd4 32. exd4 Nd5 33. a4 Qa7 34. a5
Rc7 35. Nb6 Nxb6 36. Qxe6+ Kf8 37. axb6 Qxb6 38. Qxf5+ Kg8 39. d5 Rf7 40. Qc8+
Rf8 41. Qe6+ Kh8 42. Rf1 a5 43. Qe7 Kg8 44. c7 a4 45. d6 a3 46. Qxf8+ Kxf8 47.
c8=Q+ {Black resigns} 1-0

[Event "Team 45 45 League T45"]
[Site "Internet Chess Club"]
[Date "2010.05.10"]
[Round "1"]
[White "joshtournman"]
[Black "fuzzface"]
[Result "1-0"]
[WhiteElo "1525"]
[BlackElo "1398"]
[Opening "Queen's pawn: Chigorin variation"]
[ECO "D00"]
[Time "08:54:28"]
[TimeControl "2700+45"]

1. d4 d5 2. Nc3 Nf6 3. f3 Nc6 4. Be3 e6 5. Bf2 Bb4 6. a3 Bxc3+ 7. bxc3 O-O 8. e3
a6 9. Bd3 b5 10. e4 Re8 11. e5 Nh5 12. Nh3 g6 13. g4 Ng7 14. Qd2 f6 15. Bh4 g5
16. exf6 Qxf6 17. Nxg5 Qh6 18. Bg3 e5 19. Bxh7+ Kf8 20. O-O-O exd4 21. Qf4+ Bf5
22. Bxf5 Qd6 23. Qxd6+ cxd6 24. Bxd6+ Kg8 25. cxd4 Nxf5 26. gxf5 Na5 27. f6 Ra7
28. f7+ Rxf7 29. Nxf7 Kxf7 30. Rhe1 Rc8 31. Re7+ Kg6 32. Rc7 Rh8 33. Ra7 Nc4 34.
Rxa6 Kf5 35. Be5 Nxe5 36. dxe5 Kxe5 37. Rb6 Rxh2 38. Rxb5 Kf4 39. Rbxd5 Kxf3 40.
c4 Rh8 41. c5 Rc8 42. R1d3+ Ke4 43. R3d4+ Ke3 44. Rb4 Ra8 45. Kb2 Rc8 46. Ka2
Rh8 47. c6 Rh2+ 48. Kb3 Rh3 49. c7 Ke2+ 50. Ka4 Rh7 51. c8=Q Ra7+ 52. Ra5 {Black
resigns} 1-0

[Event "Team 45 45 League T45"]
[Site "Internet Chess Club"]
[Date "2010.05.06"]
[Round "1"]
[White "medsurg"]
[Black "OGO"]
[Result "0-1"]
[WhiteElo "1350"]
[BlackElo "1651"]
[Opening "Ruy Lopez: closed, Kholmov variation"]
[ECO "C92"]
[Time "16:00:24"]
[TimeControl "2700+45"]

1. e4 e5 2. Nf3 Nc6 3. Bb5 a6 4. Ba4 Nf6 5. O-O Be7 6. Re1 b5 7. Bb3 O-O 8. h3
d6 9. c3 Be6 10. Bxe6 fxe6 11. d4 exd4 12. cxd4 Na5 13. b3 Rc8 14. e5 Nd5 15.
exd6 Qxd6 16. Qe2 c5 17. Qxe6+ Qxe6 18. Rxe6 Bf6 19. Rxa6 cxd4 20. Bb2 Nc6 21.
Na3 Ncb4 22. Re6 Nc3 23. Bxc3 dxc3 24. Nxb5 c2 25. Rc1 Bb2 26. Ree1 Nd3 27. Rxc2
Rxc2 28. Re3 Rd8 29. a4 Bc1 30. Ne1 Nxe1 31. Rxe1 Rdd2 32. a5 Rxf2 33. Nd6 Rxg2+
34. Kh1 h6 35. a6 Rge2 36. Rxe2 Rxe2 37. a7 Ra2 38. Nb5 Be3 {White resigns} 0-1

[Event "Team 45 45 League T45"]
[Site "Internet Chess Club"]
[Date "2010.05.07"]
[Round "1"]
[White "KidCopperhead"]
[Black "milesotoole"]
[Result "1-0"]
[WhiteElo "1429"]
[BlackElo "1458"]
[Opening "Sicilian defense"]
[ECO "B20"]
[Time "10:07:11"]
[TimeControl "2700+45"]

1. e4 c5 2. c4 g6 3. Nf3 Nc6 4. d3 Bg7 5. Nc3 Nf6 6. Be3 b6 7. d4 cxd4 8. Nxd4
Bb7 9. Nxc6 Bxc6 10. Bd3 O-O 11. O-O e6 12. Re1 d5 13. e5 Ng4 14. Qxg4 {Black
resigns} 1-0

[Event "Team 45 45 League T45"]
[Site "Internet Chess Club"]
[Date "2010.05.08"]
[Round "1"]
[White "Toalla"]
[Black "Skylab"]
[Result "1/2-1/2"]
[WhiteElo "1197"]
[BlackElo "1242"]
[Opening "Queen's pawn game, Darooha variation "]
[ECO "D02"]
[Time "12:03:30"]
[TimeControl "2700+45"]

1. Nf3 d5 2. d4 Nf6 3. g3 Bf5 4. Bg2 e6 5. O-O Be7 6. Nbd2 O-O 7. Re1 Nbd7 8. c4
c5 9. cxd5 exd5 10. b3 cxd4 11. Nxd4 Bg6 12. Bb2 Rc8 13. Rc1 Qb6 14. e4 dxe4 15.
Nxe4 Rfe8 16. Nxf6+ Bxf6 17. Rxc8 Rxc8 18. Qd2 Rd8 19. Be4 Nf8 20. Bxg6 Nxg6 21.
Re4 Bxd4 22. Rxd4 Rxd4 23. Qxd4 Qxd4 24. Bxd4 a6 25. a4 f6 26. f4 Kf7 27. Kf2
Ke6 28. Ke3 Ne7 29. Ke4 f5+ 30. Kd3 g6 31. Kc4 Nc6 32. a5 Nxd4 33. Kxd4 Kd6 34.
b4 h6 35. h3 g5 36. Kc4 gxf4 37. gxf4 {Game drawn by mutual agreement} 1/2-1/2

[Event "Team 45 45 League T45"]
[Site "Internet Chess Club"]
[Date "2010.05.08"]
[Round "1"]
[White "oldsj"]
[Black "Salvatore"]
[Result "1-0"]
[WhiteElo "1604"]
[BlackElo "1634"]
[Opening "Sicilian: Pelikan, Chelyabinsk variation"]
[ECO "B33"]
[Time "18:04:33"]
[TimeControl "2700+45"]

1. e4 c5 2. Nf3 Nc6 3. d4 cxd4 4. Nxd4 Nf6 5. Nc3 e5 6. Ndb5 d6 7. Bg5 a6 8. Na3
b5 9. Nd5 Be7 10. Bxf6 Bxf6 11. c3 O-O 12. Be2 Bg5 13. O-O f5 14. f3 Be6 15. Nc2
Ne7 16. Ncb4 a5 17. Nxe7+ Qxe7 18. Nd5 Qa7+ 19. Kh1 b4 20. exf5 Bxf5 21. Bd3
bxc3 22. Nxc3 Qb6 23. Bxf5 Rxf5 24. Qd5+ Kf8 25. Qxa8+ Kf7 26. Qd5+ Kg6 27. Qe4
Qxb2 28. g4 Qxc3 29. Qxf5+ Kh6 30. h4 Qe3 31. hxg5+ Qxg5 32. Qxg5+ Kxg5 33. Rad1
{Black resigns} 1-0

[Event "Team 45 45 League T45"]
[Site "Internet Chess Club"]
[Date "2010.05.10"]
[Round "1"]
[White "Mansour1985"]
[Black "beerss"]
[Result "1-0"]
[WhiteElo "1566"]
[BlackElo "1345"]
[Opening "Philidor: Nimzovich, Lärobok variation"]
[ECO "B07"]
[Time "13:31:18"]
[TimeControl "2700+45"]

1. e4 d6 2. d4 Nf6 3. Nc3 Nbd7 4. Bc4 e5 5. Nf3 Be7 6. Ng5 O-O 7. Bxf7+ Rxf7 8.
Ne6 Qe8 9. Nxc7 Qd8 10. Nxa8 b6 11. d5 Bb7 12. Nxb6 axb6 13. Be3 Nc5 14. f3 Nfd7
15. a3 Bh4+ 16. Bf2 Bxf2+ 17. Kxf2 Qh4+ 18. g3 Qg4 19. Qe2 Ba6 20. Qe3 Qg6 21.
b4 Nf6 22. Kg2 Ncd7 23. Rac1 Nh5 24. Kg1 Nf4 25. Re1 Nh3+ 26. Kg2 Nf4+ 27. Kg1
Nh5 28. Kf2 Ndf6 29. Kg2 Nf4+ 30. Kg1 N4h5 31. Qxb6 Nxg3 32. Qxa6 Nxh1+ 33. Kxh1
Qh5 34. Rf1 Qh3 35. Qc4 Nh5 36. Ne2 Rxf3 37. Rxf3 Qxf3+ 38. Kg1 Qe3+ 39. Kf1
Qh3+ 40. Ke1 h6 41. b5 Qxh2 42. Qc8+ Kh7 43. Qf5+ Kh8 44. Qf8+ Kh7 45. Qf2 Qh1+
46. Kd2 Qxe4 47. Nc3 Qh4 48. Qxh4 {Black resigns} 1-0

[Event "Team 45 45 League T45"]
[Site "Internet Chess Club"]
[Date "2010.05.07"]
[Round "1"]
[White "moreffee"]
[Black "Cicero"]
[Result "1-0"]
[WhiteElo "1230"]
[BlackElo "1134"]
[Opening "Sicilian: Andreaschek gambit"]
[ECO "B21"]
[Time "14:06:58"]
[TimeControl "2700+45"]

1. e4 c5 2. d4 cxd4 3. c3 e5 4. Nf3 f6 5. cxd4 Nc6 6. dxe5 fxe5 7. Bc4 Nf6 8.
O-O Nxe4 9. Qd5 Qe7 10. Qxe4 d6 11. Nc3 Qd7 12. Ng5 Ke7 13. Nf7 g6 14. Nxh8 Nd8
15. Bg5+ Ke8 16. Bxd8 Bg7 17. Bb5 {Black resigns} 1-0

[Event "Team 45 45 League T45"]
[Site "Internet Chess Club"]
[Date "2010.05.09"]
[Round "1"]
[White "eramos"]
[Black "chips"]
[Result "0-1"]
[WhiteElo "1087"]
[BlackElo "1222"]
[Opening "Tennison (Lemberg, Zukertort) gambit"]
[ECO "B01"]
[Time "22:03:19"]
[TimeControl "2700+45"]

1. e4 d5 2. Nf3 dxe4 3. Ne5 e6 4. Bc4 Nf6 5. Nc3 Qd4 6. f4 exf3 7. Qxf3 Qxe5+ 8.
Ne2 Qe4 9. Qb3 Qxg2 10. Rf1 Bd6 11. d3 O-O 12. Be3 Bxh2 13. O-O-O Qxe2 14. Bd4
Nbd7 15. Rf2 Qh5 16. Rh1 Ng4 17. Rff1 b6 18. Bg1 Bb7 19. Rxh2 Nxh2 20. Bxh2 Qxh2
21. d4 Nf6 22. a3 Ne4 23. Rd1 Qf4+ 24. Kb1 Nd2+ 25. Rxd2 Qxd2 26. Ka2 Rad8 27.
Qh3 Bd5 28. Bxd5 Rxd5 29. Qb3 Qxd4 30. c4 Rdd8 31. Qb4 c5 32. Qb5 Qd7 33. Qb3
Rfe8 34. a4 e5 35. Ka3 e4 36. Qb5 Qxb5 37. axb5 e3 38. Kb3 e2 39. Ka2 e1=N 40.
Kb3 Re3+ 41. Ka2 Nc2 42. b3 Nd4 43. Ka3 Nxb3 44. Ka4 Re1 45. Kxb3 Ra8 46. Kc2 a6
47. Kd2 Rh1 48. Kc3 axb5 49. cxb5 Ra5 50. Kd3 Rb1 51. Ke4 Raxb5 52. Kd5 h5 53.
Kc4 h4 {White resigns} 0-1

[Event "Team 45 45 League T45"]
[Site "Internet Chess Club"]
[Date "2010.05.08"]
[Round "1"]
[White "rubo"]
[Black "noblitz-oblige"]
[Result "1-0"]
[WhiteElo "1707"]
[BlackElo "1638"]
[Opening "Bird's opening"]
[ECO "A03"]
[Time "22:54:59"]
[TimeControl "2700+45"]

1. f4 d5 2. Nf3 Bf5 3. e3 e6 4. b3 Nf6 5. Bb2 Be7 6. Be2 Nc6 7. Bb5 O-O 8. Bxc6
bxc6 9. Ne5 Qd6 10. O-O c5 11. d3 Rfd8 12. Nd2 Qb6 13. Rf3 c4 14. dxc4 Ng4 15.
Bd4 Bc5 16. Bxc5 Qxc5 17. Qe1 d4 18. e4 d3+ 19. Kh1 dxc2 20. exf5 Qd4 21. Nxg4
exf5 22. Ne3 Re8 23. Ndf1 Rad8 24. Rc1 Qb2 25. Rxc2 {Black resigns} 1-0

[Event "Team 45 45 League T45"]
[Site "Internet Chess Club"]
[Date "2010.05.10"]
[Round "1"]
[White "RD1974"]
[Black "Portola"]
[Result "1-0"]
[WhiteElo "1713"]
[BlackElo "1731"]
[Opening "Bishop's opening: Berlin defense"]
[ECO "C24"]
[Time "09:04:22"]
[TimeControl "2700+45"]

1. e4 e5 2. Bc4 Nf6 3. d3 Nc6 4. Nc3 d6 5. Nf3 Bg4 6. h3 Bh5 7. g4 Bg6 8. Bb5 a6
9. Ba4 b5 10. Bb3 Na5 11. Be3 c5 12. Ne2 Be7 13. Ng3 Nxb3 14. axb3 Qc7 15. Nh4
O-O 16. Nhf5 Qd7 17. Qf3 Ne8 18. h4 Bxf5 19. gxf5 Nf6 20. O-O-O Qc7 21. Rdg1 Kh8
22. Nh5 Nxh5 23. Qxh5 Bf6 24. Rg2 Rg8 25. Rhg1 Qe7 26. Bg5 Bxg5+ 27. hxg5 g6 28.
Qh4 gxf5 29. exf5 Qd7 30. f6 Qf5 31. Rh2 Qg6 32. Rgh1 {Black resigns} 1-0

[Event "Team 45 45 League T45"]
[Site "Internet Chess Club"]
[Date "2010.05.07"]
[Round "1"]
[White "BotanicalKnight"]
[Black "Tamarin"]
[Result "1/2-1/2"]
[WhiteElo "1575"]
[BlackElo "1600"]
[Opening "Bishop's opening: Berlin defense"]
[ECO "C24"]
[Time "21:01:50"]
[TimeControl "2700+45"]

1. e4 e5 2. Bc4 Nf6 3. d3 Nc6 4. Nc3 Bc5 5. f4 Bxg1 6. Rxg1 exf4 7. Bxf4 d6 8.
Qd2 O-O 9. Bg5 h6 10. Bxf6 Qxf6 11. O-O-O Qg5 12. Qxg5 hxg5 13. Nd5 Bg4 14. Rd2
Nd4 15. Nxc7 Rac8 16. Nd5 Rxc4 17. dxc4 Ne2+ 18. Rxe2 Bxe2 19. Ne7+ Kh7 20. b3
Re8 21. Nf5 Rd8 22. h3 Bh5 23. g4 Bg6 24. Rd1 Bxf5 25. exf5 b6 26. Kb2 f6 {Game
drawn by mutual agreement} 1/2-1/2

[Event "Team 45 45 League T45"]
[Site "Internet Chess Club"]
[Date "2010.05.10"]
[Round "1"]
[White "Bible-Believer"]
[Black "g8wrb"]
[Result "1-0"]
[WhiteElo "1549"]
[BlackElo "1528"]
[Opening "Torre attack (Tartakower variation)"]
[ECO "D03"]
[Time "14:00:58"]
[TimeControl "2700+45"]

1. Nf3 d5 2. d4 Nf6 3. Bg5 g6 4. e3 Bg7 5. Be2 Bf5 6. c4 c6 7. Nc3 Ne4 8. Qb3
Qb6 9. Nxe4 Bxe4 10. O-O Qxb3 11. axb3 Nd7 12. Bf4 O-O 13. Rfc1 Nb6 14. c5 Nd7
15. Ne5 Nxe5 16. Bxe5 f6 17. Bg3 e5 18. dxe5 fxe5 19. b4 Bf5 20. b5 e4 21. Ra2
Rf7 22. b4 Bd7 23. b6 a6 24. Bxa6 Bc8 25. Bxb7 Rxa2 26. Bxc8 Re7 27. b7 Rxb7 28.
Bxb7 Rb2 29. Bxc6 Rxb4 30. Bxd5+ Kh8 31. c6 Bb2 32. Rb1 Ra4 33. h3 {Black
resigns} 1-0

[Event "Team 45 45 League T45"]
[Site "Internet Chess Club"]
[Date "2010.05.10"]
[Round "1"]
[White "catrasca"]
[Black "Raskolnicov"]
[Result "0-1"]
[WhiteElo "1593"]
[BlackElo "1617"]
[Opening "Giuoco Piano: four knights variation"]
[ECO "C50"]
[Time "21:02:07"]
[TimeControl "2700+45"]

1. e4 e5 2. Nf3 Nc6 3. Bc4 Bc5 4. Nc3 Nf6 5. O-O O-O 6. a3 d6 7. h3 Be6 8. Ba2
Qd7 9. d3 h6 10. Na4 Bb6 11. Nxb6 axb6 12. Nh2 d5 13. exd5 Nxd5 14. Be3 b5 15.
Qe2 b4 16. axb4 Rxa2 17. Rxa2 Nxe3 18. fxe3 Bxa2 19. b3 Nxb4 20. Ra1 Ra8 21. c3
Qxd3 22. Qb2 Qxe3+ 23. Kh1 Nd3 24. Ng4 Qxh3+ 25. gxh3 Nxb2 26. Nxe5 Ra6 27. Rf1
Bxb3 28. Nd7 Bd5+ 29. Kh2 Nd3 30. Rd1 Ra2+ 31. Kg3 Rg2+ 32. Kh4 Bf3 33. Nf6+ Kh8
{White resigns} 0-1

[Event "Team 45 45 League T45"]
[Site "Internet Chess Club"]
[Date "2010.05.07"]
[Round "1"]
[White "BishopMike"]
[Black "ElMarginal"]
[Result "0-1"]
[WhiteElo "1485"]
[BlackElo "1591"]
[Opening "Scandinavian (center counter) defense"]
[ECO "B01"]
[Time "22:00:33"]
[TimeControl "2700+45"]

1. e4 d5 2. exd5 Qxd5 3. Nc3 Qd8 4. d4 Nf6 5. Bc4 e6 6. Nf3 Be7 7. O-O Nbd7 8.
Re1 Nb6 9. Bb3 c6 10. Ne4 O-O 11. Nxf6+ Bxf6 12. Be3 Nd5 13. c4 Nxe3 14. fxe3 b6
15. Bc2 Ba6 16. Ne5 Bxe5 17. Bxh7+ Kxh7 18. Qh5+ Kg8 19. Qxe5 Bxc4 20. Rec1 Qd5
21. Qc7 Rfc8 22. Qe7 Ba6 23. Rc2 c5 24. Rf2 Rf8 25. Qh4 Bb7 26. Raf1 cxd4 27.
exd4 f5 28. b3 Rad8 29. Qg5 Qxd4 30. Kh1 Qg4 31. Qe3 Bd5 32. h3 Qe4 33. Qg5 Qe5
34. Kg1 Qf6 35. Qg3 Qe7 36. h4 Rf6 37. h5 Rh6 38. Qh3 Qg5 39. g4 fxg4 40. Qg3
Rxh5 41. Qc7 Rh1# {White checkmated} 0-1

[Event "Team 45 45 League T45"]
[Site "Internet Chess Club"]
[Date "2010.05.09"]
[Round "1"]
[White "milwaukeejosh"]
[Black "achessfool"]
[Result "1-0"]
[WhiteElo "1375"]
[BlackElo "1501"]
[Opening "French: advance, Paulsen attack"]
[ECO "C02"]
[Time "10:01:30"]
[TimeControl "2700+45"]

1. e4 e6 2. d4 d5 3. e5 c5 4. c3 Nc6 5. Nf3 Qb6 6. Qb3 Qxb3 7. axb3 cxd4 8. cxd4
Nb4 9. Na3 Bd7 10. Be2 Ne7 11. O-O Nf5 12. Nb5 Bxb5 13. Bxb5+ Nc6 14. Be3 Bb4
15. Rfc1 Ne7 16. Bg5 O-O 17. Rc2 f6 18. exf6 gxf6 19. Bh4 Kf7 20. Bd3 h6 21.
Rac1 Rac8 22. Bg3 Na5 23. Rc7 Nxb3 24. R1c2 Na5 25. Bf4 h5 26. Nh4 Nc6 27. Rxb7
a5 28. b3 Nxd4 29. Rxc8 Rxc8 30. Bg6+ Kf8 31. Bh6+ Kg8 32. Bd3 Nxb3 33. Ng6 Kf7
34. h3 Nc5 35. Rxe7+ Kg8 36. Rg7# {Black checkmated} 1-0

[Event "Team 45 45 League T45"]
[Site "Internet Chess Club"]
[Date "2010.05.09"]
[Round "1"]
[White "MikeA"]
[Black "Merciful"]
[Result "1/2-1/2"]
[WhiteElo "2108"]
[BlackElo "2120"]
[Opening "Sicilian: Alapin's variation (2.c3)"]
[ECO "B22"]
[Time "10:00:30"]
[TimeControl "2700+45"]

1. e4 c5 2. c3 g6 3. Nf3 Bg7 4. d4 cxd4 5. cxd4 d5 6. Nc3 dxe4 7. Nxe4 Nd7 8.
Bb5 Qa5+ 9. Nc3 Nf6 10. O-O O-O 11. Re1 e6 12. Bf4 a6 13. Bd3 b5 14. Bd2 Qb6 15.
a4 b4 16. a5 Qd6 17. Ne4 Nxe4 18. Bxe4 Rb8 19. Rc1 Nf6 20. Bd3 Bb7 21. Bc4 Ng4
22. h3 Nh6 23. Be3 Nf5 24. Qe2 Nxe3 25. fxe3 Rfc8 26. b3 Rd8 27. Rcd1 Ra8 28.
Rf1 Rd7 29. Ne5 Rc7 30. Nd3 Re7 31. Nc5 Bd5 32. Bxd5 exd5 33. Qf3 Rae8 34. Qf4
Qc6 35. Rde1 f5 36. Rf3 Qc7 37. Qxc7 Rxc7 38. Nxa6 Ra7 39. Nxb4 Rxa5 40. Nd3 Rb5
41. b4 Ra8 42. Rc1 Bf8 43. Rb1 Ra3 44. Ne5 Rxb4 45. Rxb4 Bxb4 {Game drawn by
mutual agreement} 1/2-1/2

[Event "Team 45 45 League T45"]
[Site "Internet Chess Club"]
[Date "2010.05.08"]
[Round "1"]
[White "Buckeye22"]
[Black "CaoCao"]
[Result "1/2-1/2"]
[WhiteElo "2057"]
[BlackElo "1989"]
[Opening "Bogo-Indian defense, Grünfeld variation"]
[ECO "E11"]
[Time "10:15:37"]
[TimeControl "2700+45"]

1. d4 Nf6 2. c4 e6 3. Nf3 Bb4+ 4. Nbd2 O-O 5. a3 Bxd2+ 6. Qxd2 b6 7. e3 Bb7 8.
Bd3 d6 9. O-O Nbd7 10. b4 e5 11. dxe5 dxe5 12. Bf5 Qe7 13. Bb2 Rad8 14. Qc2 g6
15. Bxd7 Nxd7 16. Qe2 f6 17. Rfd1 Rfe8 18. e4 Nf8 {Game drawn by mutual
agreement} 1/2-1/2

[Event "Team 45 45 League T45"]
[Site "Internet Chess Club"]
[Date "2010.05.07"]
[Round "1"]
[White "Majamutu"]
[Black "imgr8"]
[Result "0-1"]
[WhiteElo "1987"]
[BlackElo "2067"]
[Opening "Sicilian: Labourdonnais-Löwenthal (Kalashnikov) variation"]
[ECO "B32"]
[Time "16:00:15"]
[TimeControl "2700+45"]

1. e4 c5 2. Nf3 Nc6 3. d4 cxd4 4. Nxd4 e5 5. Nb5 d6 6. N1c3 a6 7. Na3 b5 8. Nd5
Nge7 9. c4 Nd4 10. Be3 Nxd5 11. cxd5 Be7 12. Bd3 O-O 13. O-O f5 14. Bxd4 exd4
15. Nc2 Qb6 16. exf5 Qc5 17. Qf3 Bb7 18. Be4 Kh8 19. Ne1 Bg5 20. Nd3 Qc4 21. h4
Bf6 22. Rfc1 Qa4 23. Rc7 Rab8 24. Nf4 Bd8 25. Qh5 d3 26. Ng6+ Kg8 27. Nxf8 Bxc7
28. Ne6 Qxe4 29. Qg5 Qe5 30. Nxc7 Rc8 31. f4 Qf6 32. Rc1 d2 {White forfeits on
time} 0-1

[Event "Team 45 45 League T45"]
[Site "Internet Chess Club"]
[Date "2010.05.10"]
[Round "1"]
[White "whale5970"]
[Black "primerpaso"]
[Result "0-1"]
[WhiteElo "1842"]
[BlackElo "1903"]
[Opening "English orang-utan"]
[ECO "A15"]
[Time "09:02:08"]
[TimeControl "2700+45"]

1. c4 Nf6 2. b4 e6 3. a3 d5 4. c5 a5 5. Bb2 b5 6. e3 c6 7. f4 Be7 8. Bd3 Nbd7 9.
Ne2 Qc7 10. O-O e5 11. fxe5 Nxe5 12. Bxe5 Qxe5 13. Nbc3 Ne4 14. Nxe4 dxe4 15.
Bc2 Bg4 16. d4 exd3 17. Qxd3 Bg5 18. e4 Rd8 19. Qg3 Qxg3 20. Nxg3 g6 21. Bb3 O-O
22. h3 Bxh3 23. Rxf7 Rxf7 24. Rf1 Rd7 25. gxh3 Kf8 26. Rxf7+ Rxf7 27. Bxf7 Kxf7
28. bxa5 Be3+ 29. Kg2 Bxc5 30. a6 Ke6 31. Kf3 Kd6 32. Kg4 Kc7 33. e5 Bxa3 34.
Ne2 Bb2 35. e6 Bf6 36. Nc1 Kb6 37. Nb3 b4 38. Nc5 Be7 39. Nb3 Kxa6 40. Nd4 Kb6
41. h4 c5 42. Nc2 Kc6 43. h5 gxh5+ 44. Kxh5 Kd5 45. Kh6 Kxe6 46. Kxh7 b3 47. Na3
b2 48. Kg6 c4 49. Kh5 Bxa3 {White resigns} 0-1